 Dungeon Crawl Stone Soup version 0.23-a0-814-g91b4073 (webtiles) character file.

15757 jerryfan the Transmogrifier (level 12, -3/106 HPs)
             Began as a Purple Draconian Transmuter on Jan 21, 2019.
             Was a Priest of Wu Jian.
             Slain by Snorg (12 damage)
             ... on level 3 of the Lair of Beasts.
             The game lasted 00:50:55 (14740 turns).

jerryfan the Transmogrifier (DrTm)                 Turns: 14740, Time: 00:50:55

Health: -3/106     AC: 11    Str: 13    XL:     12   Next: 4%
Magic:  26/26      EV: 12    Int: 18    God:    Wu Jian [***...]
Gold:   597        SH:  0    Dex: 12    Spells: 18/31 levels left

rFire    . . .     SeeInvis .     - Unarmed
rCold    . . .     Gourm    +   (no shield)
rNeg     . . .     Faith    .   (armour unavailable)
rPois    .         Spirit   .   A - +2 hat
rElec    .         Reflect  .   (no cloak)
rCorr    +         Harm     .   D - +0 pair of gloves
MR       +....                  (no boots)
Stlth    +.........             b - amulet of the gourmand
HPRegen  0.27/turn              o - ring of wizardry
MPRegen  0.20/turn              q - ring of resist corrosion

@: exhausted, short of breath, very slightly contaminated
A: breathe power, unfitting armour, cold-blooded, AC +8
a: Breathe Dispelling Energy, Wall Jump, Serpent's Lash, Renounce Religion


You were on level 3 of the Lair of Beasts.
You worshipped Wu Jian.
Wu Jian was most pleased with you.
You were completely stuffed.

You visited 3 branches of the dungeon, and saw 15 of its levels.
You visited the Abyss 1 time.

You collected 783 gold pieces.
You spent 186 gold pieces at shops.

Inventory:

Hand Weapons
 e - the +3 hand axe of Wisdom {venom, rPois Dex+4}
   (You took it off an orc on level 4 of the Dungeon)

   It poisons the flesh of those it strikes.
   It affects your dexterity (+4).
   It protects you from poison.
Missiles
 a - 108 arrows
 r - 5 poisoned javelins
 s - a throwing net (quivered)
 v - 6 curare-tipped needles
Armour
 t - a +0 hat
 A - a +2 hat (worn)
 D - a +0 pair of gloves (worn)
Jewellery
 b - an amulet of the gourmand (around neck)
 i - an uncursed amulet of faith
 o - a ring of wizardry (left hand)
 q - a ring of resist corrosion (right hand)
 E - an uncursed amulet of the acrobat {unknown}
Wands
 p - a wand of iceblast (16)
 G - a wand of digging (6)
 K - a wand of disintegration (14)
 M - a wand of flame (13)
Scrolls
 d - 14 scrolls of identify
 f - a scroll of teleportation
 k - 8 scrolls of remove curse
 m - a scroll of enchant weapon
 n - a scroll of immolation
 u - a scroll of magic mapping
 y - 3 scrolls of amnesia
 F - a scroll of fear
 H - 3 scrolls of enchant armour
Potions
 g - 3 potions of might
 j - 3 potions of mutation {unknown}
 l - 2 potions of degeneration {unknown}
 w - a potion of curing
 z - 2 potions of agility
 B - a potion of invisibility
 C - 2 potions of ambrosia {unknown}
 I - a potion of brilliance {unknown}
 J - 2 potions of lignification {unknown}
 N - a potion of magic {unknown}
 O - a potion of cancellation {unknown}
Miscellaneous
 L - a lamp of fire
Comestibles
 c - 24 rations
 P - 4 chunks of flesh


   Skills:
 + Level 9.8 Fighting
 - Level 1.7 Dodging
 + Level 9.4 Unarmed Combat
 + Level 10.0 Spellcasting
 * Level 12.4 Transmutations


You had 18 spell levels left.
You knew the following spells:

 Your Spells              Type           Power        Failure   Level  Hunger
a - Beastly Appendage     Tmut           ######       1%          1    None
b - Sticks to Snakes      Tmut           ######..     1%          2    None
c - Blade Hands           Tmut           ######....   1%          5    #####..
d - Apportation           Tloc           #.....       3%          1    None
e - Tukima's Dance        Hex            #.......     10%         3    None
f - Confusing Touch       Hex            #.....       3%          1    None

Your spell library contained the following spells:

 Spells                   Type           Power        Failure   Level  Hunger
 Spider Form              Tmut/Pois      ####......   1%          3    None
 Ice Form                 Ice/Tmut       ####....     2%          4    ###....
 Animate Skeleton         Necr           N/A          3%          1    None
 Corona                   Hex            #......      3%          1    None
 Summon Small Mammal      Summ           #...         3%          1    None
 Ensorcelled Hibernation  Hex/Ice        #.....       4%          2    None
 Confuse                  Hex            #.......     10%         3    None
 Dazzling Spray           Conj/Hex       #.....       10%         3    None


Dungeon Overview and Level Annotations

Branches:
Dungeon (11/15)            Temple (1/1) D:7            Lair (3/6) D:10
    Orc (0/2) D:9
  Swamp: Lair:2-4    Shoals: Lair:2-4     Snake: Lair:2-4    Spider: Lair:2-4

Altars:
Dithmenos
Fedhas
Gozag
Hepliaklqana
Okawaru
Sif Muna
Trog
Wu Jian
Yredelemnul
Zin
The Shining One

Shops:
D:7 [   D:8 (

Annotations:
D:3 exclusion: killer bee
D:6 2 transporters, exclusion: 3 downstairs
D:11 exclusion: cyclops
Lair:1 exclusion: oklob plant
Lair:2 2 transporters, exclusion: downstairs
Lair:3 Snorg


Innate Abilities, Weirdness & Mutations

You can breathe bolts of dispelling energy.
Your rich purple scales are hard. (AC +8)
You cannot fit into any form of body armour.
You are cold-blooded and may be slowed by cold attacks.


Message History

Unknown command.
Press: ? - help, Shift-Dir - straight line, f/p - Snorg
Aim: Snorg (severely wounded, berserk, fast, unusually strong, covered in acid)
You breathe a bolt of dispelling energy.
The bolt of dispelling energy hits Snorg!
Snorg is almost dead.
You feel somewhat less full. Snorg bites you but does no damage.
Snorg claws you.
* * * LOW HITPOINT WARNING * * *
Snorg misses you.
Evoke which item? (* to show all) (? for menu, Esc to quit)
Aiming: Corrosive Bolt
Press: ? - help, Shift-Dir - straight line, f/p - Snorg
Aim: Snorg (almost dead, berserk, fast, unusually strong, covered in acid)
The bolt of acid misses Snorg.
The now-empty wand crumbles to dust.
Snorg bites you!
* * * LOW HITPOINT WARNING * * *
Snorg closely misses you. Snorg claws you but does no damage.
Snorg completely misses you. Snorg barely misses you. Snorg claws you!
You die...

.## .........#
..### .......#
...P# ##...P.#
....# ##.#..##
....###......###
...P....#PP...P#
.....########..##
... .##### ##..##
.... ## #..#@##
##...# #
####°T### ###...#
###..###P....#
##...#.....# ##
#........###.##
###....##..#..#
#.#..........#
##............
##..÷......##


You could see Snorg (berserk).

Vanquished Creatures
  Sonja (Lair:2)
  A centaur zombie (D:10)
  A black mamba (Lair:1)
  4 spiny frogs
  An orange demon (Abyss:2)
  A rime drake (Lair:2)
  A komodo dragon (Lair:2)
  2 ancient zymes (Abyss:2)
  4 trolls
  4 blink frogs (Lair:1)
  4 hippogriffs
  A spriggan (D:7)
  12 yaks
  A basilisk (Lair:2)
  A chaos spawn (Abyss:2)
  A hungry ghost (D:8)
  7 wargs (D:7)
  3 water moccasins
  3 ice beasts (D:10)
  A porcupine (Lair:1)
  4 sky beasts
  2 black bears
  5 orc warriors
  6 ogres
  2 wolves (D:10)
  A phantom (D:6)
  3 centaurs
  4 big kobolds
  4 crocodiles
  6 bullfrogs
  A wyvern skeleton (D:6)
  A water moccasin skeleton (D:6)
  2 scorpions
  10 killer bees (D:8)
  6 wights
  3 howler monkeys (D:7)
  2 crimson imps (D:6)
  4 jellies
  14 hounds
  7 orc priests
  A gnoll shaman (D:7)
  10 orc wizards
  3 bullfrog skeletons
  A centaur skeleton (D:5)
  6 iguanas
  7 worker ants
  2 killer bee zombies
  A hound skeleton (D:4)
  Robin (D:3)
  A howler monkey skeleton (D:8)
  13 adders
  5 gnolls
  4 shadow imps
  An adder zombie (D:6)
  2 worms (D:3)
  2 dart slugs
  A leopard gecko (D:7)
  56 orcs
  A ball python (D:5)
  A giant cockroach (D:3)
  11 goblins
  3 hobgoblins
  7 jackals
  27 kobolds
  3 quokkas
  6 bats
  6 frilled lizards
  A quokka zombie (D:5)
  10 rats
334 creatures vanquished.

Vanquished Creatures (collateral kills)
  2 worker ants (D:4)
  2 gnolls (D:2)
  A worm (D:2)
  A leopard gecko (D:3)
  6 goblins (D:3)
  A hobgoblin (D:3)
  A jackal (D:3)
  A ball python (D:2)
15 creatures vanquished.

Vanquished Creatures (others)
  A goblin (D:3)
  A fungus (Lair:3)
  A plant (D:7)
3 creatures vanquished.

Grand Total: 352 creatures vanquished

Notes
Turn   | Place    | Note
-------+----------+-------------------------------------------
     0 | D:1      | jerryfan the Draconian Transmuter began the quest for the
                  | Orb.
     0 | D:1      | Reached XP level 1. HP: 16/16 MP: 3/3
   182 | D:1      | Reached XP level 2. HP: 17/23 MP: 5/5
  1208 | D:2      | Learned a level 2 spell: Sticks to Snakes
  1268 | D:2      | Reached XP level 3. HP: 27/29 MP: 6/6
  1517 | D:2      | Reached skill level 3 in Transmutations
  1917 | D:3      | Noticed a bullfrog
  1931 | D:3      | Killed a bullfrog
  1931 | D:3      | Reached XP level 4. HP: 31/36 MP: 0/8
  2094 | D:3      | Noticed Robin
  2128 | D:3      | Killed Robin
  2128 | D:3      | Reached XP level 5. HP: 27/42 MP: 7/9
  2471 | D:3      | Reached skill level 4 in Transmutations
  2586 | D:3      | Learned a level 5 spell: Blade Hands
  3221 | D:4      | Reached XP level 6. HP: 46/51 MP: 10/10
  3301 | D:4      | Identified the +3 hand axe of Wisdom {venom, rPois Dex+4}
  3915 | D:5      | Entered Level 5 of the Dungeon
  3924 | D:5      | Reached skill level 5 in Transmutations
  3980 | D:5      | Noticed a sky beast
  4099 | D:5      | Your scales start taking on a rich purple colour.
  4099 | D:5      | Reached XP level 7. HP: 45/57 MP: 11/13
  4601 | D:5      | Learned a level 1 spell: Apportation
  4877 | D:6      | Reached skill level 6 in Transmutations
  4884 | D:6      | Reached skill level 5 in Spellcasting
  4899 | D:6      | Reached skill level 5 in Unarmed Combat
  4901 | D:6      | Reached XP level 8. HP: 44/67 MP: 13/15
  5066 | D:6      | Found a bloodstained altar of Trog.
  5067 | D:6      | Noticed a two-headed ogre
  5082 | D:6      | Found a transporter.
  5101 | D:6      | Found a transporter.
  5340 | D:6      | Reached skill level 5 in Fighting
  5649 | D:6      | Reached skill level 7 in Transmutations
  6172 | D:7      | Reached XP level 9. HP: 64/75 MP: 18/18
  6283 | D:7      | Identified the +0 ring mail "Gozxet" {rElec MR- Regen+
                  | Int-5}
  6375 | D:7      | Found a staircase to the Ecumenical Temple.
  6382 | Temple   | Entered the Ecumenical Temple
  6389 | Temple   | Became a worshipper of the Wu Jian Council
  6422 | D:7      | Reached skill level 8 in Transmutations
  6835 | D:7      | Reached skill level 9 in Transmutations
  7323 | D:7      | Noticed an orc knight
  7323 | D:7      | Noticed an orc knight
  7323 | D:7      | Noticed an orc knight
  7337 | D:7      | Learned a level 3 spell: Tukima's Dance
  7425 | D:7      | Found Hulua's Armour Boutique.
  7433 | D:7      | Bought a +1 hat for 132 gold pieces
  7433 | D:7      | Bought a +0 pair of gloves for 54 gold pieces
  7687 | D:8      | Found Fyibeap's Antique Weapon Shoppe.
  7889 | D:8      | Reached * piety under Wu Jian
  7889 | D:8      | Reached XP level 10. HP: 66/86 MP: 15/21
  8655 | D:8      | Found a glowing silver altar of Zin.
  8970 | D:8      | Reached ** piety under Wu Jian
  9062 | D:8      | Learned a level 1 spell: Confusing Touch
  9409 | D:9      | Found a staircase to the Orcish Mines.
  9430 | D:9      | Reached skill level 10 in Transmutations
  9531 | D:9      | Reached *** piety under Wu Jian
 10336 | D:10     | Entered Level 10 of the Dungeon
 10674 | D:10     | Found a staircase to the Lair.
 10708 | D:10     | Reached XP level 11. HP: 89/95 MP: 21/23
 10803 | D:10     | Reached skill level 11 in Transmutations
 11204 | Lair:1   | Entered Level 1 of the Lair of Beasts
 11367 | Lair:1   | Noticed an oklob plant
 11446 | Lair:1   | Found a blossoming altar of Fedhas.
 12290 | Lair:2   | Found a frozen archway.
 12293 | Lair:2   | Noticed Sonja
 12308 | Lair:2   | Cast into level 2 of the Abyss (Sonja)
 12308 | Abyss:2  | Found a corrupted altar of Lugonu.
 12450 | Abyss:2  | Found a corrupted altar of Lugonu.
 12602 | Abyss:2  | Found a corrupted altar of Lugonu.
 12609 | Abyss:2  | Noticed a large abomination
 12797 | Abyss:2  | Found a deep blue altar of Sif Muna.
 12807 | Lair:2   | Escaped the Abyss
 13017 | Lair:2   | Killed Sonja
 13148 | Lair:2   | Reached skill level 12 in Transmutations
 13783 | Lair:2   | Found a transporter.
 13808 | Lair:2   | Found a transporter.
 14405 | Lair:3   | Reached XP level 12. HP: 52/106 MP: 20/25
 14406 | Lair:3   | Reached skill level 10 in Spellcasting
 14715 | Lair:3   | Noticed Snorg
 14740 | Lair:3   | Slain by Snorg

Vault maps used:
D:1:      dpeg_chamrin_arrival_tetris
D:3:      uniq_robin
D:4:      first_ration
D:6:      gammafunk_temple_overflow_arena, corexii_hall_statues_u
D:7:      lemuel_castle_with_subvaults, minmay_temple_entry_sparse_star,
          serial_shops, shop, the_bakery
D:8:      serial_shops, kennysheep_mini_moat, lemuel_tele_altar
D:9:      hiddenorc2_lemuel
D:10:     erik_lair_island
D:11:     basic_altar, serial_shops, nicolae_shop_overgrown_old_shop,
          lemuel_hellish_altar, uniq_nergalle, uniq_urug
Temple:   compressed_dpeg_triangle_lava_temple
Lair:1:   basic_altar, patterned_corridor, minmay_lair_oklob_chamber
Lair:2:   gammafunk_cloud_chamber, portal_ice_cave_entry_pillars_1, uniq_sonja
Lair:3:   uniq_snorg

Skill      XL: |  1  2  3  4  5  6  7  8  9 10 11 12 |
---------------+-------------------------------------+-----
Transmutations | 3 4 5 6 7 9 10 12 | 12.4
Fighting       | 2 3 4 5 7 8 9 |  9.8
Spellcasting   | 3 4 5 6 7 8 9 10 | 10.0
Unarmed Combat | 4 5 7 8 9 |  9.4
Dodging        | |  1.7

Action                   |  1- 3 |  4- 6 |  7- 9 | 10-12 || total
-------------------------+-------+-------+-------+-------++-------
Melee: Unarmed           |   124 |   172 |   320 |   413 ||  1029
       Headbutt          |     3 |    12 |    20 |       ||    35
       Punch             |     2 |     1 |     8 |     7 ||    18
       Tailslap          |    10 |    17 |    30 |    34 ||    91
       Kick              |     1 |    20 |    11 |       ||    32
Throw: Throwing net      |     1 |       |       |       ||     1
 Cast: Beastly Appendage |     9 |    18 |    15 |       ||    42
       Sticks to Snakes  |     9 |    16 |     3 |     1 ||    29
       Blade Hands       |       |       |    20 |    55 ||    75
       Confusing Touch   |       |       |       |     2 ||     2
Invok: Lunge             |       |       |     5 |    54 ||    59
       Whirlwind         |       |       |       |    95 ||    95
       Serpent's Lash    |       |       |       |    14 ||    14
 Abil: Breathe Dispellin |       |       |    11 |     6 ||    17
       Wall Jump         |       |       |       |    10 ||    10
Evoke: Wand              |       |     3 |     5 |    11 ||    19
       Lamp of fire      |       |       |       |     1 ||     1
  Use: Scroll            |     1 |     5 |     3 |     8 ||    17
       Potion            |       |     2 |     2 |     6 ||    10
 Stab: Sleeping          |     3 |     1 |     1 |       ||     5
       Confused          |       |       |       |     1 ||     1
  Eat: Chunk             |    14 |    10 |    19 |    44 ||    87
Armor: Skin              |    53 |    60 |    81 |    98 ||   292
Dodge: Dodged            |    76 |   111 |   203 |   177 ||   567

Table legend:
 A = Non-vault XP
 B = Vault XP
 C = Vault XP percentage of total XP
 D = Non-vault monster count
 E = Vault monster count
 F = Vault count percentage of total count
                 A         B        C        D         E       F
            +---------+---------+-------+---------+---------+-------
      Total |   18978 |    3533 |  15.7 |     281 |      68 |  19.5
            +---------+---------+-------+---------+---------+-------
        D:1 |      34 |       0 |   0.0 |      20 |       0 |   0.0
        D:2 |      56 |       0 |   0.0 |      19 |       0 |   0.0
        D:3 |     148 |      25 |  14.5 |      20 |      12 |  37.5
        D:4 |     367 |       0 |   0.0 |      23 |       0 |   0.0
        D:5 |     589 |       0 |   0.0 |      13 |       0 |   0.0
        D:6 |     991 |       0 |   0.0 |      23 |       0 |   0.0
        D:7 |    1233 |    1503 |  54.9 |      32 |      14 |  30.4
        D:8 |    1751 |       0 |   0.0 |      38 |       0 |   0.0
        D:9 |    1726 |     399 |  18.8 |      24 |      32 |  57.1
       D:10 |    2095 |     811 |  27.9 |      26 |       9 |  25.7
       D:11 |      45 |       0 |   0.0 |       1 |       0 |   0.0
     Lair:1 |    4078 |       0 |   0.0 |      19 |       0 |   0.0
     Lair:2 |    2825 |     795 |  22.0 |      10 |       1 |   9.1
     Lair:3 |    1818 |       0 |   0.0 |       9 |       0 |   0.0
    Abyss:2 |    1222 |       0 |   0.0 |       4 |       0 |   0.0
            +---------+---------+-------+---------+---------+-------
